 Dungeon Crawl Stone Soup version 0.28-a0-909-g796cbd3a86 (webtiles) character file.

Game seed: 6196708940873164549

130 AarnesTheHuman the Slasher (level 4, -28/35 HPs)
             Began as a Demonspawn Gladiator on Nov 25, 2021.
             Killed from afar by Ijyb (33 damage)
             ... with a bolt of acid
             ... on level 3 of the Dungeon.
             The game lasted 00:05:14 (3081 turns).

AarnesTheHuman the Slasher (Demonspawn Gladiator)   Turns: 3081, Time: 00:05:15

Health: -28/35     AC:  9    Str: 15    XL:     4   Next: 90%
Magic:  4/4        EV:  8    Int:  9    God:
Gold:   98         SH:  8    Dex: 15    Spells: 3/3 levels left

rFire   + . .      SeeInvis .   a - +0 long sword
rCold   . . .      Faith    .   m - +0 kite shield
rNeg    . . .      Spirit   .   k - +0 ring mail
rPois   .          Reflect  .   c - +0 helmet
rElec   .          Harm     .   (no cloak)
rCorr   .          Rampage  .   (no gloves)
Will    .....                   n - +0 pair of boots
Stlth   +.........              (no amulet)
HPRegen 0.11/turn               g - ring of protection from fire
MPRegen 0.18/turn               (no ring)

@: no status effects
A: molten scales 1, magic regeneration
a: no special abilities


You were on level 3 of the Dungeon.
You visited 1 branch of the dungeon, and saw 3 of its levels.

You collected 98 gold pieces.

Inventory:

Hand Weapons
 a - a +0 long sword (weapon)
Missiles
 d - a throwing net
 i - 7 poisoned darts (quivered)
 j - 89 stones
Armour
 b - a +0 leather armour
 c - a +0 helmet (worn)
 k - a +0 ring mail (worn)
 m - a +0 kite shield (worn)
 n - a +0 pair of boots (worn)
Jewellery
 g - a ring of protection from fire (left hand)
 o - a ring of magical power
Scrolls
 e - a scroll of noise {unknown}
 f - a scroll of enchant weapon {unknown}
 h - 2 scrolls of identify {unknown}
 l - a scroll of vulnerability {unknown}
Potions
 p - a potion of lignification {unknown}


   Skills:
 + Level 3.1 Fighting
 * Level 3.6 Long Blades
 - Level 1.7 Throwing
 + Level 1.8 Armour
 - Level 2.6 Dodging
 * Level 1.5 Shields


You had 3 spell levels left.
You didn't know any spells.
Your spell library contained the following spells:

 Spells                   Type           Power      Damage    Failure   Level
 Apportation              Tloc           0%         N/A       99%         1
 Blink                    Tloc           0%         N/A       100%        2
 Alistair's Intoxication  Tmut/Pois      0%         N/A       100%        5
 Manifold Assault         Tloc           0%         N/A       100%        5
 Storm Form               Tmut/Air       0%         N/A       100%        7


Dungeon Overview and Level Annotations

Branches:
Dungeon (3/15)

Altars:

Annotations:
D:3 Ijyb


Innate Abilities, Weirdness & Mutations

You are partially covered in molten scales. (AC +2)
You regenerate magic rapidly.


Message History

Aim: Ijyb, wielding a +0 club, wearing a +0 leather armour and carrying a wand of acid (9) (51% to hit)
You throw a poisoned dart. The poisoned dart hits Ijyb.
Ijyb is poisoned.
Throw: 7 darts (poison)
Press: ? - help, Q - select action, (/) - cycle Shift-Dir - straight line, f/p - Ijyb
Aim: Ijyb, wielding a +0 club, wearing a +0 leather armour and carrying a wand of acid (9) (poisoned, 51% to hit)
Okay, then.
Things that are here:
a +0 short sword; a +0 scale mail; an orc corpse
Things that are here:
a +0 club; a +0 dagger; a goblin corpse Ijyb looks more healthy.
You closely miss the goblin. The goblin barely misses you.
You slash the goblin!
You kill the goblin!
Ijyb zaps a wand.
The bolt of acid hits you!!
Ouch! That really hurt!
* * * LOW HITPOINT WARNING * * *
Okay, then.
Okay, then.
Unknown command.
You aren't carrying any items that you can evoke.
Unknown command.
Unknown command.
Throw: 3 throwing nets
Press: ? - help, Shift-Dir - straight line, f/p - Ijyb
Aim: Ijyb, wielding a +0 club, wearing a +0 leather armour and carrying a wand of acid (8) (moderately wounded, 51% to hit)
You throw a throwing net.
The throwing net completely misses Ijyb.
Throw: 2 throwing nets
Press: ? - help, Shift-Dir - straight line, f/p - Ijyb
Aim: Ijyb, wielding a +0 club, wearing a +0 leather armour and carrying a wand of acid (8) (moderately wounded, 51% to hit)
You throw a throwing net. The throwing net hits Ijyb.
Ijyb is caught in the net!
Ijyb is moderately wounded.
Ijyb struggles against the net. x2
You hit Ijyb.
Ijyb is heavily wounded.
Ijyb zaps a wand.
The bolt of acid hits you!!
Ouch! That really hurt!
You die...

#≈≈≈#.....# ≈≈
#≈≈≈##'''##≈≈≈
#####
##≈≈≈≈...≈≈≈≈#
#....
###≈≈...≈≈###
#.... ###...###
#.... #)### #....
#g# #.... #g#
#.... #@# #....
#.# #.... #.#
#.... #.# ###.#
#.# #.# #.# #.#
#.##############<)
#..............#..
###########.......


You could see Ijyb (caught) and a goblin.

Vanquished Creatures
  An iguana (D:3)
  4 adders (D:2)
  4 worms (D:2)
  2 dart slugs (D:2)
  An orc (D:3)
  2 bats (D:3)
  6 endoplasms
  3 giant cockroaches
  3 hobgoblins
  4 quokkas (D:1)
  A ball python (D:2)
  A frilled lizard (D:2)
  9 goblins
  5 kobolds
  4 rats
50 creatures vanquished.

Notes
Turn   | Place    | Note
-------+----------+-------------------------------------------
     0 | D:1      | AarnesTheHuman the Demonspawn Gladiator began the quest for
                  | the Orb.
     0 | D:1      | Reached XP level 1. HP: 16/16 MP: 1/1
   830 | D:1      | Gained mutation: You are partially covered in molten
                  | scales. (AC +2) [demonic ancestry]
   830 | D:1      | Reached XP level 2. HP: 18/22 MP: 2/2
  1143 | D:2      | Reached skill level 1 in Armour
  1180 | D:2      | Gained mutation: You regenerate magic rapidly. [demonic
                  | ancestry]
  1180 | D:2      | Reached XP level 3. HP: 28/28 MP: 3/3
  1980 | D:2      | Reached XP level 4. HP: 34/34 MP: 4/4
  2391 | D:3      | Reached skill level 1 in Shields
  2524 | D:3      | Found a faded altar of an unknown god.
  3053 | D:3      | Noticed Ijyb
  3081 | D:3      | Killed from afar by Ijyb

Illustrated notes

Levels and vault maps discovered:
D:1:      sevenhm_arrival_forest_fort_small_4, layout_basic, minmay_pentomino_o2
D:2:      layout_rooms
D:3:      kennysheep_goblin_castle, layout_rooms, basic_ecumenical_altar

Skill      XL: |  1  2  3  4 |
---------------+-------------+-----
Long Blades    | 3 |  3.6
Armour         | 1 |  1.8
Fighting       | 3 |  3.1
Shields        | 1 |  1.5
Throwing       | |  1.7
Dodging        | |  2.6

Action                   |  1- 3 |  4- 6 || total
-------------------------+-------+-------++-------
Melee: Long sword        |    82 |   101 ||   183
Throw: Dart              |    11 |     7 ||    18
       Throwing net      |       |     2 ||     2
Armor: Ring mail         |    32 |    52 ||    84
Dodge: Dodged            |    32 |    32 ||    64
Block: Kite shield       |    20 |    50 ||    70

Table legend: (Time is in decaauts)
 A = Elapsed time spent in this place.
 B = Non-inter-level travel time spent in this place.
 C = Inter-level travel time spent in this place.
 D = Time resting spent in this place.
 E = Time spent auto-exploring this place.
 F = Levels seen in this place.
 G = Mean time per level.
                   A        B        C        D        E       F      G
               +--------+--------+--------+--------+--------+-----+--------+
         Total |   3188 |   3038 |    150 |    895 |   1475 |   3 | 1062.7 |
       Dungeon |   3188 |   3038 |    150 |    895 |   1475 |   3 | 1062.7 |
               +--------+--------+--------+--------+--------+-----+--------+

Top non-repeatable levels by time:
     D:1: 1384 daAuts
     D:2: 1064 daAuts
     D:3: 739 daAuts
